 Dungeon Crawl Stone Soup version 0.26-a0-540-g8a0c9464d7 (webtiles) character file.

Game seed: 11061715962669715238

2101 kae the Ruffian (level 9, -3/74 HPs)
             Began as a Purple Draconian Transmuter on Aug 18, 2020.
             Was a Believer of Wu Jian.
             Splashed by a jelly's acid (10 damage)
             ... on level 7 of the Dungeon.
             The game lasted 00:10:55 (7415 turns).

kae the Ruffian (Purple Draconian Transmuter)       Turns: 7415, Time: 00:10:55

Health: -3/74      AC:  2    Str: 15    XL:     9   Next: 7%
Magic:  17/17      EV: 20    Int: 14    God:    Wu Jian [**....]
Gold:   315        SH:  0    Dex: 23    Spells: 9/19 levels left

rFire    . . .     SeeInvis .     - Unarmed
rCold    . . .     Faith    .   (shield currently unavailable)
rNeg     . . .     Spirit   .   (armour unavailable)
rPois    .         Reflect  .   (helmet currently unavailable)
rElec    .         Harm     .   (cloak currently unavailable)
rCorr    .                      (gloves currently unavailable)
MR       +....                  (boots currently unavailable)
Stlth    ++........             q - amulet of magic regeneration
HPRegen  0.22/turn              j - +6 ring of dexterity
MPRegen  0.40/turn              o - ring of poison resistance

@: lethally poisoned (-3 -> -7), spider-form, wereblooded
A: tiny, (breathe power), unfitting armour, AC +7
a: End Transformation, Wall Jump, Renounce Religion


You were on level 7 of the Dungeon.
You worshipped Wu Jian.
Wu Jian was pleased with you.
You were a venomous arachnid creature.
You visited 2 branches of the dungeon, and saw 8 of its levels.
You also visited: Sewer and Ossuary.

You collected 315 gold pieces.

Inventory:

Armour
 e - a +0 cloak (melded)
Jewellery
 j - a +6 ring of dexterity (left front leg)
 m - a +4 ring of evasion
 o - a ring of poison resistance (right front leg)
 q - an amulet of magic regeneration (around neck)
 t - an uncursed ring of protection from cold
 A - the cursed ring "Moeticea" {Str-4 Dex+2 SInv, unknown}
   (You found it on level 7 of the Dungeon)

   [ring of strength]

   It affects your strength (-4).
   It affects your dexterity (+2).
   It lets you see invisible.
   It has a curse placed upon it.
Wands
 g - a wand of iceblast (10)
 k - a wand of random effects (17)
 p - a wand of digging (1)
 s - a wand of flame (14)
Scrolls
 b - 2 scrolls of immolation
 c - 2 scrolls of teleportation
 h - 2 scrolls of identify
 w - a scroll of magic mapping
 y - a scroll of blinking
 z - a scroll of remove curse
Potions
 a - 3 potions of heal wounds
 d - 6 potions of curing
 f - a potion of mutation
 i - 2 potions of lignification
 l - 3 potions of magic {unknown}
 n - 3 potions of flight {unknown}
 r - a potion of ambrosia {unknown}
 u - 2 potions of brilliance {unknown}
 v - a potion of stabbing {unknown}
 x - a potion of might {unknown}


   Skills:
 + Level 5.2 Fighting
 - Level 1.7 Dodging
 * Level 7.5 Unarmed Combat
 + Level 5.8 Spellcasting
 * Level 7.2 Transmutations


You had 9 spell levels left.
You knew the following spells:

 Your Spells              Type           Power        Failure   Level
a - Beastly Appendage     Tmut           ###...       4%          1
b - Wereblood             Tmut           ###.....     6%          2
c - Spider Form           Tmut/Pois      ##........   26%         3
d - Ice Form              Ice/Tmut       ##......     58%         4

Your spell library contained the following spells:

 Spells                   Type           Power        Failure   Level
 Blade Hands              Tmut           ###.......   43%         5
 Petrify                  Tmut/Erth      ##......     58%         4
 Confusing Touch          Hex            #.......     65%         3
 Gell's Gravitas          Tloc           #.........   65%         3
 Yara's Violent Unravell  Hex/Tmut       ##........   87%         5
 Metabolic Englaciation   Hex/Ice        #.........   100%        5


Dungeon Overview and Level Annotations

Branches:
Dungeon (7/15)             Temple (1/1) D:5           Sewer (visited)
Ossuary (visited)

Altars:
Ashenzari
Cheibriados
Dithmenos
Elyvilon
Fedhas
Gozag
Hepliaklqana
Kikubaaqudgha
Makhleb
Nemelex Xobeh
Okawaru
Qazlal
Ru
Sif Muna
Trog
Uskayaw
Vehumet
Wu Jian
Xom
Zin
The Shining One

Shops:
D:7 (

Annotations:
D:4 Menkaure


Innate Abilities, Weirdness & Mutations

((You can breathe bolts of dispelling energy.))
((Your rich purple scales are hard. (AC +7)))
You cannot fit into any form of body armour.
((You are cold-blooded and may be slowed by cold attacks.))


Message History

You feel sick. The killer bee stings you.
* * * LOW HITPOINT WARNING * * *
The killer bee stings you but does no damage.
A jelly comes into view.
You hit the killer bee.
You kill the killer bee!
The Council accepts your kill.
You feel sick.
You feel sick.
You hit the jelly.
Your front legs burn!
* * * LOW HITPOINT WARNING * * *
The jelly is moderately wounded.
You feel sick. The jelly hits you but does no damage.
You bite the jelly!
Your front legs burn!
* * * LOW HITPOINT WARNING * * *
The jelly is severely wounded.
You feel sick. The jelly hits you.
* * * LOW HITPOINT WARNING * * *
You are splashed with acid!
You die...

###........#
...##).........#
...#.)#........#
#..#.###.#######
#....##........##
#..............##
#..###..........#
###..##....∩<.....#
#Js†.##...........#
#..#†###...........#
....##..##...........#
#..##
#.............(## #.
#.#.##..........# #
#..#.##....y.....#
...##$##$.........#
#### ..!#.y........#
.#..........


You could see a jelly.

Vanquished Creatures
  A wraith (Ossuary)
  2 orc warriors
  3 ogres
  A sky beast (D:5)
  A centaur (D:5)
  A big kobold (Sewer)
  2 bullfrogs (D:6)
  4 killer bees (D:7)
  A wight (D:3)
  A bullfrog zombie (D:6)
  A quasit (D:4)
  4 hounds
  2 jellies
  An orc priest (D:6)
  A bullfrog skeleton (D:6)
  5 orc wizards
  An iguana (D:7)
  Natasha (thrice) (D:3)
  5 worker ants
  A hound zombie (D:2)
  A mummy (Ossuary)
  8 adders
  2 river rats (D:4)
  A white imp (D:6)
  An ufetubus (D:6)
  An ooze (D:1)
  An adder zombie (D:7)
  An adder skeleton (D:6)
  2 worms
  5 dart slugs (D:1)
  4 leopard geckos
  14 orcs
  4 giant cockroaches
  7 goblins
  7 hobgoblins
  7 jackals
  4 kobolds
  3 bats
  5 frilled lizards
  3 gnoll skeletons (Ossuary)
  2 jackal skeletons (D:4)
  9 kobold skeletons (Ossuary)
  A leopard gecko skeleton (D:6)
  13 orc skeletons (Ossuary)
  A quokka skeleton (D:4)
  13 rats
161 creatures vanquished.

Notes
Turn   | Place    | Note
-------+----------+-------------------------------------------
     0 | D:1      | kae the Draconian Transmuter began the quest for the Orb.
     0 | D:1      | Reached XP level 1. HP: 16/16 MP: 3/3
    65 | D:1      | Reached XP level 2. HP: 11/23 MP: 3/5
   762 | D:1      | Reached XP level 3. HP: 14/28 MP: 4/6
  1392 | D:2      | Learned a level 2 spell: Wereblood
  1705 | D:2      | Reached XP level 4. HP: 34/36 MP: 5/7
  1967 | D:2      | Learned a level 3 spell: Spider Form
  2390 | D:3      | Noticed Natasha
  2399 | D:3      | Killed Natasha
  2446 | D:3      | Noticed Natasha
  2469 | D:3      | Killed Natasha
  2469 | D:3      | Reached XP level 5. HP: 30/41 MP: 6/9
  2889 | D:3      | Noticed Natasha
  2895 | D:3      | Killed Natasha
  3472 | D:4      | Reached XP level 6. HP: 43/50 MP: 10/10
  3522 | D:4      | Found a glowing drain.
  3531 | Sewer    | Entered a sewer
  3866 | Sewer    | Found a white marble altar of Elyvilon.
  3951 | D:4      | Reached skill level 5 in Unarmed Combat
  4263 | D:4      | Learned a level 4 spell: Ice Form
  4349 | D:4      | Noticed Menkaure
  4479 | D:4      | Your scales start taking on a rich purple colour.
  4479 | D:4      | Reached XP level 7. HP: 57/57 MP: 9/13
  4545 | D:5      | Entered Level 5 of the Dungeon
  4549 | D:5      | Found a staircase to the Ecumenical Temple.
  4559 | Temple   | Entered the Ecumenical Temple
  4636 | Temple   | Became a worshipper of the Wu Jian Council
  4658 | D:5      | Reached skill level 5 in Transmutations
  4706 | D:5      | Found a sand-covered staircase.
  4711 | Ossuary  | Entered an ossuary
  4711 | Ossuary  | Noticed a wraith
  4711 | Ossuary  | Noticed a wraith
  4711 | Ossuary  | Noticed a wraith
  4977 | Ossuary  | Noticed a wraith
  5001 | Ossuary  | Killed a wraith
  5229 | Ossuary  | Reached * piety under Wu Jian
  5398 | D:5      | Reached XP level 8. HP: 65/66 MP: 15/15
  5657 | D:5      | Found a blossoming altar of Fedhas.
  6170 | D:6      | Reached skill level 5 in Spellcasting
  6625 | D:6      | Reached ** piety under Wu Jian
  7050 | D:7      | Found Rurih's Antique Weapon Shop.
  7075 | D:7      | Reached skill level 5 in Fighting
  7370 | D:7      | Got a brightly glowing brass ring
  7399 | D:7      | Reached XP level 9. HP: 71/74 MP: 15/17
  7415 | D:7      | Splashed by a jelly's acid

Illustrated notes

Levels and vault maps discovered:
D:1:      lightli_arrival_lavapool, layout_loops_cross, minmay_split_cup_large
D:2:      layout_rooms
D:3:      layout_loops_ring, uniq_natasha
D:4:      layout_rooms, portal_sewer_entry_a, serial_shops, shop, uniq_menkaure
D:5:      layout_cave_pools, minmay_temple_entry_large_hall, enter_ossuary_2,
          hangedman_abyss_or_decor_stagger, fedhas_altar_fruit_tree
D:6:      layout_basic
D:7:      layout_rooms, serial_shops, shop, serial_bayou_pond_d,
          kennysheep_small_circle, uniq_crazy_yiuf_cottage
Temple:   compressed_dpeg_circular_temple

Skill      XL: |  1  2  3  4  5  6  7  8 |
---------------+-------------------------+-----
Transmutations | 3 4 5 7 |  7.2
Fighting       | 2 3 4 5 |  5.2
Unarmed Combat | 4 5 6 7 |  7.5
Spellcasting   | 3 4 5 |  5.8
Dodging        | |  1.7

Action                   |  1- 3 |  4- 6 |  7- 9 || total
-------------------------+-------+-------+-------++-------
Melee: Unarmed           |    91 |   182 |   246 ||   519
       Kick              |    15 |    28 |    32 ||    75
       Tailslap          |    12 |    12 |    32 ||    56
       Headbutt          |     7 |    12 |    26 ||    45
       Punch             |     1 |     4 |     7 ||    12
 Cast: Beastly Appendage |    13 |    23 |    22 ||    58
       Wereblood         |     1 |     1 |     3 ||     5
       Spider Form       |       |     5 |     5 ||    10
Invok: Lunge             |       |       |    11 ||    11
       Whirlwind         |       |       |     3 ||     3
 Abil: Breathe Dispellin |       |       |     2 ||     2
  Use: Scroll            |       |     8 |     9 ||    17
       Potion            |       |       |     3 ||     3
Armor: Skin              |    25 |    55 |    47 ||   127
Dodge: Dodged            |    52 |   172 |   184 ||   408

Table legend: (Time is in decaauts)
 A = Elapsed time spent in this place.
 B = Non-inter-level travel time spent in this place.
 C = Inter-level travel time spent in this place.
 D = Time resting spent in this place.
 E = Time spent auto-exploring this place.
 F = Levels seen in this place.
 G = Mean time per level.
                   A        B        C        D        E       F      G
               +--------+--------+--------+--------+--------+-----+--------+
         Total |   7424 |   7161 |    263 |   1770 |   4153 |  10 |  742.4 |
       Dungeon |   6375 |   6122 |    253 |   1265 |   3866 |   7 |  910.7 |
        Temple |     88 |     78 |     10 |      0 |     74 |   1 |   88.0 |
         Sewer |    400 |    400 |      0 |    236 |    123 |   1 |  400.0 |
       Ossuary |    559 |    559 |      0 |    268 |     90 |   1 |  559.0 |
               +--------+--------+--------+--------+--------+-----+--------+

Top non-repeatable levels by time:
     D:3: 1496 daAuts
     D:1: 1384 daAuts
     D:6: 1263 daAuts
     D:2: 667 daAuts
     D:4: 616 daAuts
     D:5: 589 daAuts
 Ossuary: 559 daAuts
   Sewer: 400 daAuts
     D:7: 357 daAuts
  Temple: 88 daAuts
